 Dungeon Crawl Stone Soup version 0.16-b1 (webtiles) character file.

2015 abixa the Cleaver (level 9, 0/69 HPs)
             Began as a Hill Orc Gladiator on Mar 6, 2015.
             Was a Believer of Okawaru.
             Slain by Prince Ribbit (6 damage)
             ... on level 6 of the Dungeon.
             The game lasted 00:20:54 (7360 turns).

abixa the Cleaver (Hill Orc Gladiator)              Turns: 7360, Time: 00:20:54

Health: 0/69       AC: 15    Str: 18    XL:     9   Next: 22%
Magic:  10/10      EV:  9    Int:  8    God:    Okawaru [**....]
Gold:   335        SH:  0    Dex: 14    Spells: 0 memorised, 8 levels left

rFire  . . .     SeeInvis .     K - +0 battleaxe
rCold  . . .     Clarity  .     p - +0 chain mail
rNeg   + . .     SustAb   .     (no shield)
rPois  .         Gourm    .     c - +0 helmet
rElec  .         Spirit   .     y - +0 cloak
rCorr  .         Warding  .     l - +0 pair of gloves
rMut   .         Stasis   .     (no boots)
MR     .....                    z - amulet of inaccuracy
Stlth  ..........               b - +2 ring of protection
                                q - ring of positive energy

@: not resistant to hostile enchantments, extremely unstealthy
A: no striking features
a: Heroism, Renounce Religion


You were on level 6 of the Dungeon.
You worshipped Okawaru.
Okawaru was pleased with you.
You were not hungry.

You visited 2 branches of the dungeon, and saw 7 of its levels.

You collected 335 gold pieces.

Inventory:

Hand weapons
 a - a +0 war axe
 h - a +0 spear
 K - a +0 battleaxe (weapon)
Missiles
 j - 177 stones (quivered)
 B - 17 poisoned needles
 G - 4 needles of sleeping
Armour
 c - a +0 helmet (worn)
 l - a +0 pair of gloves (worn)
 p - a +0 chain mail (worn)
 y - a +0 cloak (worn)
Jewellery
 b - a +2 ring of protection (right hand)
 q - a ring of positive energy (left hand)
 z - an amulet of inaccuracy (around neck)
Magical devices
 F - a wand of random effects (26)
Scrolls
 g - 4 scrolls of identify {unknown}
 i - 2 scrolls of magic mapping {unknown}
 o - 2 scrolls of recharging
 r - 2 scrolls of teleportation
 t - 2 scrolls of remove curse
 u - a scroll of enchant armour {unknown}
 x - 2 scrolls of blinking {unknown}
 A - 2 scrolls of random uselessness {unknown}
 C - 2 scrolls of amnesia {unknown}
Potions
 e - 2 potions of curing
 k - 2 potions of brilliance {unknown}
 n - 2 potions of invisibility {unknown}
 w - 2 potions of might {unknown}
 I - a potion of agility {unknown}
 J - a potion of ambrosia {unknown}
Books
 H - a book of Callings

   Spells                             Type                      Level
   a - Summon Small Mammal            Summoning                    1
   b - Call Imp                       Summoning                    2
   c - Call Canine Familiar           Summoning                    3
   d - Summon Guardian Golem          Hexes/Summoning              4
   e - Summon Lightning Spire         Summoning/Air                4
   f - Summon Ice Beast               Ice/Summoning                4
Comestibles
 f - 7 meat rations
 m - 2 slices of pizza
 s - 5 beef jerkies
 v - 3 bread rations
 D - a royal jelly
 E - 3 chunks of flesh


   Skills:
 - Level 3.0 Fighting
 + Level 10.7 Axes
 + Level 6.4 Throwing
 - Level 5.0 Armour
 - Level 4.0 Dodging
 - Level 1.0 Invocations


You had 8 spell levels left.
You didn't know any spells.

Dungeon Overview and Level Annotations

Branches:
Dungeon (6/15)             Temple (1/1) D:4

Altars:
Cheibriados
Dithmenos
Elyvilon
Fedhas
Gozag
Kikubaaqudgha
Makhleb
Nemelex Xobeh
Okawaru
Qazlal
Ru
Sif Muna
Trog
Vehumet
Xom
Yredelemnul
Zin
The Shining One

Shops:
D:6 !

Annotations:
D:6 Prince Ribbit


Message History

You completely miss Prince Ribbit.
Prince Ribbit is lightly wounded.
Prince Ribbit barely misses you.
Prince Ribbit momentarily phases out as your attack passes through him.
Prince Ribbit hops awkwardly around.
Prince Ribbit hits you but does no damage.
You completely miss Prince Ribbit.
Prince Ribbit says, "You're just another fly to me."
Prince Ribbit blinks!
Prince Ribbit hits you.
* * * LOW HITPOINT WARNING * * *
You completely miss Prince Ribbit.
Prince Ribbit hits you but does no damage.
Prince Ribbit momentarily phases out as your attack passes through him.
You feel like a meek peon again. Prince Ribbit barely misses you.
You miss Prince Ribbit. Prince Ribbit hits you!
* * * LOW HITPOINT WARNING * * *
Prince Ribbit hits you.
You die...

#####.#.#.#########
#.#...#.(#
#.#####..# #.# #..#
#.# #..# ########.#
#..######
#........#
#........
#.#############.#
#..F@.((((......#
#################


You could see Prince Ribbit.

Vanquished Creatures
  Eustachio (D:4)
  Edmund (D:5)
  2 orc warriors
  2 ice beasts (D:5)
  A black bear (D:6)
  An ogre (D:6)
  A giant frog (D:5)
  2 centaurs
  Blork the orc (D:4)
  A crimson imp (D:5)
  A centaur skeleton (D:6)
  A centaur zombie (D:3)
  3 hounds
  A jelly (D:6)
  5 worker ants
  7 orc wizards
  Robin (D:4)
  13 adders
  6 gnolls
  2 worms
  7 giant geckos
  21 orcs
  2 ball pythons
  5 giant cockroaches
  18 hobgoblins
  26 jackals
  An ooze (D:3)
  17 bats
  A giant gecko zombie (D:5)
  8 giant newts
  19 goblins
  17 kobolds
  3 quokkas
  A quokka zombie (D:6)
  7 rats
  A spectral orc (D:4)
207 creatures vanquished.

Notes
Turn   | Place    | Note
--------------------------------------------------------------
     0 | D:1      | abixa, the Hill Orc Gladiator, began the quest for the Orb.
     0 | D:1      | Reached XP level 1. HP: 18/18 MP: 1/1
   176 | D:1      | Reached XP level 2. HP: 9/25 MP: 2/2
   427 | D:1      | Reached skill level 5 in Axes
   703 | D:1      | Reached XP level 3. HP: 30/30 MP: 3/3
   818 | D:1      | Found an iron altar of Okawaru.
   830 | D:1      | Became a worshipper of Warmaster Okawaru
  1168 | D:2      | Reached skill level 6 in Axes
  1304 | D:2      | Reached XP level 4. HP: 19/37 MP: 4/4
  1377 | D:2      | Found a shimmering altar of Xom.
  1644 | D:2      | Reached skill level 7 in Axes
  1826 | D:2      | Reached XP level 5. HP: 24/42 MP: 5/5
  2026 | D:2      | Reached skill level 1 in Armour
  2366 | D:3      | Found a blossoming altar of Fedhas.
  2516 | D:3      | Noticed an orc warrior
  2596 | D:3      | Found a radiant altar of Vehumet.
  2735 | D:3      | Reached XP level 6. HP: 50/50 MP: 6/6
  2812 | D:3      | Found an opulent altar of Gozag.
  2857 | D:3      | Acquired Okawaru's first power
  3026 | D:3      | Reached skill level 8 in Axes
  3036 | D:3      | Killed an orc warrior
  3498 | D:4      | Found a staircase to the Ecumenical Temple.
  3512 | Temple   | Entered the Ecumenical Temple
  3944 | D:4      | Reached skill level 1 in Invocations
  3961 | D:4      | Reached XP level 7. HP: 45/56 MP: 8/8
  4066 | D:4      | Noticed Blork the orc
  4219 | D:4      | Found a basalt altar of Yredelemnul.
  4780 | D:4      | Killed Blork the orc
  4846 | D:4      | Noticed Robin
  4911 | D:4      | Killed Robin
  5367 | D:4      | Noticed Eustachio
  5385 | D:4      | Killed Eustachio
  5385 | D:4      | Reached skill level 9 in Axes
  5461 | D:5      | Entered Level 5 of the Dungeon
  5512 | D:5      | Reached XP level 8. HP: 62/62 MP: 9/9
  5769 | D:5      | Noticed Edmund
  5784 | D:5      | Killed Edmund
  6170 | D:5      | Reached skill level 5 in Throwing
  6277 | D:5      | Found a deep blue altar of Sif Muna.
  6436 | D:6      | Found Ariziull's Distillery.
  6448 | D:6      | Noticed Prince Ribbit
  6453 | D:6      | Reached skill level 5 in Armour
  6581 | D:6      | Reached skill level 10 in Axes
  6589 | D:6      | Reached XP level 9. HP: 42/69 MP: 10/10
  7034 | D:6      | Found a bloodstained altar of Trog.
  7360 | D:6      | Slain by Prince Ribbit

Action                   |  1- 3 |  4- 6 |  7- 9 || total
-------------------------+-------+-------+-------++-------
Melee: War axe           |   148 |   304 |   479 ||   931
       Battleaxe         |       |       |   140 ||   140
Throw: Stone             |       |     6 |    26 ||    32
       Tomahawk          |       |       |     2 ||     2
       Throwing net      |       |       |     3 ||     3
Invok: Heroism           |       |     1 |     6 ||     7
Evoke: Wand              |       |     1 |       ||     1
  Use: Scroll            |       |       |     3 ||     3
       Potion            |       |       |     1 ||     1
 Stab: Distracted        |       |       |     1 ||     1
  Eat: Chunk             |     1 |    10 |    12 ||    23
